 Seeded DCSS version 0.27-a0-242-ge0fc76b88b (webtiles) character file.

Game seed: 20210125 (custom seed)

1 muata the Grave Robber (level 1, 12/14 HPs)
             Began as a Ghoul Necromancer on Jan 25, 2021.
             Quit the game on level 1 of the Dungeon on Feb 3, 2021.
             The game lasted 00:01:55 (92 turns).

muata the Grave Robber (Ghoul Necromancer)            Turns: 92, Time: 00:01:56

Health: 12/14      AC:  2    Str: 11    XL:     1   Next: 20%
Magic:  0/2        EV: 12    Int: 10    God:
Gold:   7          SH:  0    Dex:  9    Spells: 2/3 levels left

rFire    . . .     SeeInvis .   b - -3 club (curse)
rCold    + . .     Faith    .   (no shield)
rNeg     + + +     Spirit   .   a - +0 robe
rPois    ∞         Reflect  .   (no helmet)
rElec    .         Harm     .   (no cloak)
rCorr    .         Rampage  .   (no gloves)
Will     .....                  (no boots)
Stlth    ++........             (no amulet)
HPRegen  0.04/turn              (no ring)
MPRegen  0.08/turn              (no ring)

@: no status effects
A: claws 1, cold resistance 1, negative energy resistance 3, inhibited
regeneration, torment resistance, unbreathing
a: no special abilities


You were on level 1 of the Dungeon.
You visited 1 branch of the dungeon, and saw 1 of its levels.

You collected 7 gold pieces.

Inventory:

Hand Weapons
 b - a cursed -3 club (weapon)
Missiles
 c - 25 stones
Armour
 a - a +0 robe (worn)


   Skills:
 + Level 1.7 Dodging
 - Level 2.1 Stealth
 - Level 1.7 Spellcasting
 - Level 4.0 Necromancy


You had 2 spell levels left.
You knew the following spells:

 Your Spells              Type           Power        Failure   Level
a - Pain                  Necr           36%          6%          1

Your spell library contained the following spells:

 Spells                   Type           Power        Failure   Level
 Animate Skeleton         Necr           18%          6%          1
 Vampiric Draining        Necr           4%           19%         3
 Animate Dead             Necr           4%           52%         4
 Agony                    Necr           9%           86%         5


Dungeon Overview and Level Annotations

Branches:
Dungeon (1/15)

Altars:


Innate Abilities, Weirdness & Mutations

You thrive by killing the living.
You are immune to poison.
You have sharp fingernails.
Your flesh is cold resistant. (rC+)
You are immune to negative energy. (rN+++)
You do not regenerate when monsters are visible.
You are immune to unholy pain and torment.
You can survive without breathing.


Message History

You barely miss the giant cockroach.
The giant cockroach is almost dead.
The giant cockroach closely misses you. x2
You closely miss the giant cockroach.
The giant cockroach is almost dead.
The giant cockroach barely misses you.
You completely miss the giant cockroach.
The giant cockroach is almost dead.
The giant cockroach bites you. x2
You hit the giant cockroach but do no damage.
The giant cockroach is almost dead.
The giant cockroach barely misses you.
You hit the giant cockroach.
You kill the giant cockroach!
You feel better.
You need to enable at least one skill for training.
Welcome back, muata the Ghoul Necromancer.
Game seed: 20210125 (custom seed) Press ? for a list of commands and other information.
Are you sure you want to abandon this character and quit the game? (Confirm with "yes".)

♣♣...♣.....♣♣♣♣...♣≈≈
#..♣♣♣♣♣.....♣...≈≈≈♣
##..♣ ♣♣♣♣♣...≈≈≈♣
#..♣♣ ♣♣≈≈≈≈♣♣ ##.♣♣♣
♣♣♣≈≈≈♣♣♣
##..♣♣♣♣♣♣≈≈≈..♣♣♣
##[....♣♣♣≈♣♣...♣♣♣
###.....♣♣ ♣♣♣...♣♣
#@....♣ ♣♣♣♣.♣♣
###....♣ ♣♣.. #....)♣
♣♣♣ ....♣. ##... #.


There were no monsters in sight!

Vanquished Creatures
  A giant cockroach (D:1)
1 creature vanquished.

Notes
Turn   | Place    | Note
-------+----------+-------------------------------------------
     0 | D:1      | muata the Ghoul Necromancer began the quest for the Orb.
     0 | D:1      | Reached XP level 1. HP: 14/14 MP: 2/2
     0 | D:1      | Upgraded the game from 0.27-a0-124-g19cb506db8 to
                  | 0.27-a0-156-gbcd94eb011
    92 | D:1      | Upgraded the game from 0.27-a0-156-gbcd94eb011 to
                  | 0.27-a0-242-ge0fc76b88b
    92 | D:1      | Quit the game

Illustrated notes

Levels and vault maps discovered:
D:1:      kilobyte_arrival_exit_the_forest, layout_rooms, fountainhead

Action                   || total
-------------------------++-------
Melee: Club              ||     7
 Cast: Pain              ||     2
Armor: Robe              ||     1
Dodge: Dodged            ||     9

Table legend: (Time is in decaauts)
 A = Elapsed time spent in this place.
 B = Non-inter-level travel time spent in this place.
 C = Inter-level travel time spent in this place.
 D = Time resting spent in this place.
 E = Time spent auto-exploring this place.
 F = Levels seen in this place.
 G = Mean time per level.
                   A        B        C        D        E       F      G
               +--------+--------+--------+--------+--------+-----+--------+
         Total |     94 |     91 |      3 |      0 |     71 |   1 |   94.0 |
       Dungeon |     94 |     91 |      3 |      0 |     71 |   1 |   94.0 |
               +--------+--------+--------+--------+--------+-----+--------+

Top non-repeatable levels by time:
     D:1: 94 daAuts
